 Dungeon Crawl Stone Soup version 0.23-a0-395-gcf17ac6c65 (webtiles) character file.

357 PikkenKukken the Magician (level 6, -4/44 HPs)
             Began as a Gnoll Wizard on Nov 1, 2018.
             Killed from afar by Sigmund (5 damage)
             ... with a magic dart
             ... on level 5 of the Dungeon.
             The game lasted 00:11:17 (4644 turns).

PikkenKukken the Magician (Gnoll Wizard)            Turns: 4644, Time: 00:11:18

Health: -4/44      AC:  3    Str: 10    XL:     6   Next: 64%
Magic:  3/16       EV: 14    Int: 22    God:
Gold:   183        SH:  0    Dex: 13    Spells: 8/19 levels left

rFire    . . .     SeeInvis .   p - +0 trident
rCold    . . .     Gourm    .   (no shield)
rNeg     . . .     Faith    .   a - +0 robe
rPois    +         Spirit   .   b - +1 hat
rElec    .         Reflect  .   (no cloak)
rCorr    .         Harm     .   (no gloves)
MR       .....                  (no boots)
Stlth    +++.......             (no amulet)
HPRegen  0.14/turn              g - ring of wizardry
MPRegen  0.15/turn              e - ring of poison resistance

@: very slightly contaminated
A: distributed training, fangs 1, strong nose
a: no special abilities


You were on level 5 of the Dungeon.
You were hungry.

You visited 1 branch of the dungeon, and saw 5 of its levels.

You collected 183 gold pieces.

Inventory:

Hand Weapons
 p - a +0 trident (weapon)
Armour
 a - a +0 robe (worn)
 b - a +1 hat (worn)
Jewellery
 e - a ring of poison resistance (right hand)
 g - a ring of wizardry (left hand)
Wands
 t - a wand of flame (18)
Scrolls
 f - a scroll of magic mapping
 h - 2 scrolls of remove curse
 n - 2 scrolls of teleportation
 s - 3 scrolls of identify
Potions
 c - a potion of berserk rage {unknown}
 i - 2 potions of lignification
 j - 2 potions of curing
 k - 2 potions of degeneration {unknown}
 l - a potion of magic {unknown}
 m - a potion of agility {unknown}
 o - 2 potions of flight {unknown}
 q - 2 potions of mutation {unknown}
 r - a potion of might {unknown}
Comestibles
 d - 10 rations


   Skills:
 + Level 2.0 Fighting
 + Level 2.0 Short Blades
 + Level 2.0 Long Blades
 + Level 2.0 Axes
 + Level 2.0 Maces & Flails
 + Level 2.0 Polearms
 + Level 2.0 Staves
 + Level 2.0 Slings
 + Level 2.0 Bows
 + Level 2.0 Crossbows
 + Level 2.0 Throwing
 + Level 2.0 Armour
 + Level 5.0 Dodging
 + Level 4.6 Stealth
 + Level 2.0 Shields
 + Level 2.0 Unarmed Combat
 + Level 7.4 Spellcasting
 + Level 2.6 Conjurations
 + Level 1.6 Hexes
 + Level 1.6 Charms
 + Level 2.6 Summonings
 + Level 1.6 Necromancy
 + Level 2.6 Translocations
 + Level 1.6 Transmutations
 + Level 1.6 Fire Magic
 + Level 1.6 Ice Magic
 + Level 1.6 Air Magic
 + Level 1.6 Earth Magic
 + Level 1.6 Poison Magic
 + Level 2.2 Invocations
 + Level 2.0 Evocations


You had 8 spell levels left.
You knew the following spells:

 Your Spells              Type           Power        Failure   Level  Hunger
a - Magic Dart            Conj           ###.         1%          1    None
b - Call Imp              Summ           ###.....     1%          2    None
c - Blink                 Tloc           N/A          1%          2    None
d - Conjure Flame         Conj/Fire      ###.....     4%          3    None
e - Mephitic Cloud        Conj/Pois/Air  ###.....     4%          3    None

Your spell library contained the following spells:

 Spells                   Type           Power        Failure   Level  Hunger
 Slow                     Hex            ###.....     2%          2    None


Dungeon Overview and Level Annotations

Branches:
Dungeon (5/15)
 Temple: D:4-7

Altars:
Elyvilon
Fedhas
Kikubaaqudgha
Qazlal
Trog
Wu Jian
Xom
Zin

Annotations:
D:5 Sigmund


Innate Abilities, Weirdness & Mutations

Your experience applies equally to all skills.
You have very sharp teeth.
Your uncanny sense of smell can sniff out nearby items.


Message History

Sigmund points at you and mumbles some strange words.
You resist with some effort.
Casting: Magic Dart (safe; 1% risk of failure)
Confirm with . or Enter, or press ? or * to list all spells.
Aiming: Conjure Flame (safe; 4% risk of failure)
Press: ? - help, Dir - move target cursor, p - Sigmund You miscast Conjure Flame.
You are very lightly contaminated with residual magic.
You have a brief vision of globes of primordial fire.
Sigmund casts a spell at you. The puff of flame hits you!
Sigmund points at you and mumbles some strange words.
The puff of flame hits you!
* * * LOW HITPOINT WARNING * * *
Sigmund gestures at you while chanting. The magic dart hits you!
* * * LOW HITPOINT WARNING * * *
Sigmund gestures at you while chanting. The magic dart hits you!
You die...

##.## #.# #### ##.# #.#
#..###..######### #.#
#...............# #.#
#.####.########<# #.#
##.##########.####.# #.# #.#
......@.@..##...##(## #.# #.#
......####@#........#######.###.#
##.##.####......@................
..................#############
########.........## ###########


You could see Sigmund.

Vanquished Creatures
  2 scorpions
  A hound (D:4)
  An orc wizard (D:3)
  5 gnolls
  5 adders
  An ooze (D:3)
  An adder skeleton (D:4)
  3 worms (D:2)
  2 dart slugs
  2 leopard geckos
  14 orcs
  6 bats
  4 giant cockroaches
  6 goblins
  8 hobgoblins
  A jackal (D:1)
  3 quokkas
  3 ball pythons
  4 frilled lizards
  5 kobolds
  9 rats
86 creatures vanquished.

Vanquished Creatures (collateral kills)
  2 giant cockroaches
  2 goblins (D:2)
  A hobgoblin (D:1)
5 creatures vanquished.

Vanquished Creatures (others)
  A quokka (D:2)
  2 frilled lizards (D:2)
3 creatures vanquished.

Grand Total: 94 creatures vanquished

Notes
Turn   | Place    | Note
-------+----------+-------------------------------------------
     0 | D:1      | PikkenKukken the Gnoll Wizard began the quest for the Orb.
     0 | D:1      | Reached XP level 1. HP: 13/13 MP: 8/8
   279 | D:1      | Reached XP level 2. HP: 19/19 MP: 6/10
   311 | D:1      | Learned a level 2 spell: Call Imp
   314 | D:1      | Learned a level 2 spell: Blink
   583 | D:1      | Reached XP level 3. HP: 25/25 MP: 9/11
  1243 | D:2      | Found a stormy altar of Qazlal.
  1338 | D:2      | Reached skill level 1 in Invocations
  1526 | D:2      | Found a bloodstained altar of Trog.
  1552 | D:2      | Found a glowing silver altar of Zin.
  1579 | D:2      | Reached skill level 1 in Fighting
  1579 | D:2      | Reached skill level 1 in Short Blades
  1579 | D:2      | Reached skill level 1 in Long Blades
  1579 | D:2      | Reached skill level 1 in Axes
  1579 | D:2      | Reached skill level 1 in Maces & Flails
  1579 | D:2      | Reached skill level 1 in Polearms
  1579 | D:2      | Reached skill level 1 in Staves
  1579 | D:2      | Reached skill level 1 in Slings
  1579 | D:2      | Reached skill level 1 in Bows
  1579 | D:2      | Reached skill level 1 in Crossbows
  1579 | D:2      | Reached skill level 1 in Throwing
  1579 | D:2      | Reached skill level 1 in Armour
  1579 | D:2      | Reached skill level 1 in Shields
  1579 | D:2      | Reached skill level 1 in Unarmed Combat
  1579 | D:2      | Reached skill level 1 in Evocations
  1579 | D:2      | Reached XP level 4. HP: 25/32 MP: 3/13
  1731 | D:2      | Found a white marble altar of Elyvilon.
  2174 | D:2      | Found a shimmering altar of Xom.
  2342 | D:3      | Reached skill level 1 in Hexes
  2342 | D:3      | Reached skill level 1 in Charms
  2342 | D:3      | Reached skill level 1 in Necromancy
  2342 | D:3      | Reached skill level 1 in Transmutations
  2342 | D:3      | Reached skill level 1 in Fire Magic
  2342 | D:3      | Reached skill level 1 in Ice Magic
  2342 | D:3      | Reached skill level 1 in Air Magic
  2342 | D:3      | Reached skill level 1 in Earth Magic
  2342 | D:3      | Reached skill level 1 in Poison Magic
  2634 | D:3      | Found an ornate altar of the Wu Jian Council.
  2721 | D:3      | Reached XP level 5. HP: 15/37 MP: 10/14
  2840 | D:3      | Learned a level 3 spell: Conjure Flame
  2844 | D:3      | Learned a level 3 spell: Mephitic Cloud
  3544 | D:4      | Reached XP level 6. HP: 35/44 MP: 11/16
  3929 | D:4      | Found an ancient bone altar of Kikubaaqudgha.
  3948 | D:4      | Found a blossoming altar of Fedhas.
  4237 | D:5      | Entered Level 5 of the Dungeon
  4570 | D:5      | Reached skill level 5 in Dodging
  4618 | D:5      | Noticed Sigmund
  4643 | D:5      | HP: 1/44 [Sigmund/magic dart (8)]
  4644 | D:5      | Killed from afar by Sigmund

Vault maps used:
D:1:      minmay_arrival_radiant_lines, minmay_misc_feat_square,
          serial_bayou_ford_a
D:2:      tgw_xom, lemuel_doored_altar, zin_statuary,
          nicolae_qazlal_eye_of_the_storm, kennysheep_another_room,
          elyvilon_altar_4
D:3:      old_standard_altar
D:4:      kiku_gazebo_pond_becter, first_ration, fedhas_altar_3
D:5:      kennysheep_windowed_halls, temple_green,
          gammafunk_ghost_nasty_kobolds, uniq_grinder, uniq_sigmund

Skill      XL: |  1  2  3  4  5  6 |
---------------+-------------------+-----
Conjurations   | 2 |  2.6
Summonings     | 2 |  2.6
Translocations | 2 |  2.6
Invocations    | 1 2 |  2.2
Fighting       | 1 2 |  2.0
Short Blades   | 1 2 |  2.0
Long Blades    | 1 2 |  2.0
Axes           | 1 2 |  2.0
Maces & Flails | 1 2 |  2.0
Polearms       | 1 2 |  2.0
Staves         | 1 2 |  2.0
Slings         | 1 2 |  2.0
Bows           | 1 2 |  2.0
Crossbows      | 1 2 |  2.0
Throwing       | 1 2 |  2.0
Armour         | 1 2 |  2.0
Shields        | 1 2 |  2.0
Unarmed Combat | 1 2 |  2.0
Evocations     | 1 2 |  2.0
Hexes          | 1 |  1.6
Charms         | 1 |  1.6
Necromancy     | 1 |  1.6
Transmutations | 1 |  1.6
Fire Magic     | 1 |  1.6
Ice Magic      | 1 |  1.6
Air Magic      | 1 |  1.6
Earth Magic    | 1 |  1.6
Poison Magic   | 1 |  1.6
Dodging        | 5 |  5.0
Stealth        | |  4.6
Spellcasting   | |  7.4

Action                   |  1- 3 |  4- 6 || total
-------------------------+-------+-------++-------
Melee: Unarmed           |    12 |       ||    12
       Bite              |     3 |     4 ||     7
       Trident           |       |   124 ||   124
 Cast: Magic Dart        |    82 |    97 ||   179
       Call Imp          |     6 |     7 ||    13
       Conjure Flame     |       |    15 ||    15
       Blink             |       |     1 ||     1
  Use: Scroll            |       |     8 ||     8
 Stab: Sleeping          |       |     3 ||     3
  Eat: Chunk             |     2 |     9 ||    11
Armor: Robe              |     4 |    10 ||    14
Dodge: Dodged            |    23 |    64 ||    87

Table legend:
 A = Non-vault XP
 B = Vault XP
 C = Vault XP percentage of total XP
 D = Non-vault monster count
 E = Vault monster count
 F = Vault count percentage of total count
                 A         B        C        D         E       F
            +---------+---------+-------+---------+---------+-------
      Total |     492 |      19 |   3.7 |      86 |       5 |   5.5
            +---------+---------+-------+---------+---------+-------
        D:1 |      47 |       0 |   0.0 |      26 |       0 |   0.0
        D:2 |      55 |      19 |  25.7 |      22 |       5 |  18.5
        D:3 |     117 |       0 |   0.0 |      25 |       0 |   0.0
        D:4 |     144 |       0 |   0.0 |       8 |       0 |   0.0
        D:5 |     129 |       0 |   0.0 |       5 |       0 |   0.0
            +---------+---------+-------+---------+---------+-------
